Map: 16-Bit LE

Players

IlIlIlIlIl

  • Race: Terran Terran
  • League: Master
  • Spawn Location: 1:00

zuka - Winner!

  • Race: Protoss Protoss
  • League: Master
  • Spawn Location: 7:00

VOD

https://youtu.be/0Qt8-2ynOf8

Description

Time

  • Played on: June 24, 2018, 3:26 p.m.
  • Length: 12:10
Show
View Real Time Build Order
Export as new Build Order

IlIlIlIlIl Terran 

Build Orders: 1/1/1, Cyclone Opening 

Get SALT Encoding   

  12  0:00  SCV  
  13  0:13  SCV  
  14  0:18  Supply Depot  
  14  0:25  SCV  
  15  0:30  Refinery  
  15  0:40  SCV  
  16  0:46  Barracks  
  16  0:52  SCV  
  16  0:56  Refinery  
  17  1:04  SCV  
  18  1:16  SCV  
  19  1:33  Orbital Command  
  19  1:34  Reaper  
  19  1:39  Factory  
  20  1:48  Supply Depot  
  20  1:59  SCV  
  21  2:06  Barracks Reactor  
  21  2:11  SCV  
  22  2:23  SCV, Starport  
  22  2:25  Factory Tech Lab  
  23  2:34  Supply Depot  
  23  2:35  SCV  
  24  2:42  Marine  
  24  2:43  Marine  
  26  2:47  SCV  
  27  2:58  Cyclone  
  30  3:03  SCV  
  30  3:10  Banshee, Cloaking Field  
  30  3:12  Marine x2  
  35  3:20  Supply Depot, SCV  
  36  3:33  Factory Tech Lab  
  36  3:37  Engineering Bay  
  36  3:43  Supply Depot  
  36  3:44  Marine  
  36  3:45  Marine  
  38  3:53  Banshee  
  41  3:56  Siege Tank  
  44  4:06  Supply Depot  
  44  4:08  Marine x2  
  46  4:17  SCV  
  46  4:23  Supply Depot  
  47  4:28  Siege Tank  
  50  4:34  Marine x2  
  52  4:43  SCV  
  49  4:48  Raven  
  51  4:55  SCV, Marine x2  
  51  5:17  Command Center  
  51  5:18  Siege Tank  
  51  5:20  Marine  
  55  5:23  Marine  
  56  5:32  SCV  
  57  5:39  Marine  
  57  5:41  Marine  
  59  5:49  Barracks  
  59  5:50  SCV  
  60  6:02  SCV, Barracks  
  61  6:05  Factory Reactor  
  61  6:07  Starport Reactor  
  61  6:09  Marine x2  
  63  6:14  SCV  
  64  6:27  SCV  
  64  6:34  Marine  
  64  6:37  SCV  
  64  6:39  SCV  
  62  6:45  Marine x2  
  57  6:52  Marine  
  50  6:54  Medivac x2  
  50  6:56  Orbital Command  
  46  7:02  Siege Tank  
  46  7:03  SCV  
  46  7:06  Marine  
  51  7:08  Stimpack  
  51  7:09  Marine  
  51  7:15  Refinery  
  52  7:16  SCV  
  52  7:20  Marine  
  52  7:21  Marauder  
  56  7:24  SCV  
  56  7:28  SCV  
  58  7:30  Marine  
  58  7:34  Viking  
  58  7:43  SCV  
  53  7:44  SCV  
  53  7:46  Marine  
  54  7:51  Marine  
  54  7:55  SCV  
  56  8:00  SCV  
  57  8:07  SCV  
  57  8:12  SCV  
  59  8:16  Marine x3  
  59  8:18  Siege Tank  
  65  8:34  Viking  
  65  8:37  Starport  
  65  8:40  Marine x2, Viking  
  71  8:54  Marine  
  71  8:55  Siege Tank, Marauder  
  77  9:00  Refinery  
  77  9:03  Supply Depot  
  77  9:04  Supply Depot, Terran Infantry Weapons Level 1  
  77  9:12  Marine  
  77  9:13  Combat Shields  
  77  9:14  Marine  
  77  9:16  Marauder  
  81  9:21  Viking  
  81  9:22  Supply Depot  
  81  9:42  Viking x2  
  86  9:47  Marine x2, Marauder  
  86  9:51  Marine x2  
  90  9:58  Siege Tank  
  93  10:12  Viking  
  95  10:22  Marine  
  95  10:23  Marine  
  97  10:48  Viking  
  97  10:49  Marine, Viking  
  99  11:00  Marine x2  
  99  11:01  Marine  
  92  11:15  Marine x2  
  70  11:18  Marine x2  
  70  11:19  Marine  
  61  11:33  Marine x2  
  61  11:36  Marine x2  
  60  11:44  Marine  
  39  11:50  Marine  
Show
View Real Time Build Order
Export as new Build Order

zuka Protoss - Winner!

Build Orders: 1 Gate Expand, Colossus Rush 

Get SALT Encoding   

  12  0:01  Probe  
  13  0:13  Probe  
  14  0:19  Pylon  
  14  0:22  Probe  
  15  0:33  Probe  
  15  0:40  Gateway  
  16  0:44  Probe  
  17  0:55  Probe  
  18  1:03  Probe  
  18  1:04  Assimilator  
  18  1:11  Probe  
  20  1:28  Nexus  
  20  1:40  Cybernetics Core  
  20  1:44  Probe  
  21  1:49  Assimilator  
  21  1:56  Probe  
  22  2:03  Pylon  
  23  2:08  Probe  
  23  2:11  Stalker  
  23  2:19  Warp Gate  
  23  2:21  Probe  
  26  2:33  Probe  
  27  2:41  Stalker  
  29  2:45  Probe  
  30  2:53  Probe  
  30  2:57  Probe  
  32  3:05  Probe  
  32  3:09  Probe, Robotics Facility  
  34  3:18  Probe  
  34  3:19  Probe  
  35  3:22  Pylon  
  36  3:29  Probe  
  36  3:30  Probe  
  36  3:32  Gateway  
  38  3:39  Probe  
  38  3:45  Gateway  
  38  3:47  Probe  
  40  3:51  Probe, Immortal  
  41  3:57  Shield Battery  
  46  4:08  Robotics Bay  
  45  4:10  Probe  
  45  4:11  Probe  
  47  4:22  Probe  
  47  4:23  Probe  
  47  4:24  Assimilator  
  49  4:26  Observer  
  49  4:27  Assimilator  
  49  4:32  Pylon  
  49  4:34  Probe  
  49  4:35  Stalker  
  50  4:46  Probe  
  50  4:47  Probe  
  50  4:48  Colossus  
  53  5:07  Stalker  
  55  5:19  Probe x2  
  55  5:20  Gravitic Drive  
  57  5:31  Probe  
  57  5:32  Probe  
  59  5:41  Observer  
  60  5:45  Probe x2  
  62  5:56  Observer  
  62  6:07  Pylon  
  62  6:08  Pylon  
  62  6:20  Pylon  
  62  6:23  Warp Prism  
  63  6:29  Stalker x2  
  63  6:30  Stalker  
  64  6:50  Colossus  
  64  6:52  Probe x2  
  72  7:04  Probe x2  
  72  7:08  Nexus  
  74  7:10  Pylon x2, Forge  
  74  7:11  Forge  
  74  7:12  Stalker  
  74  7:13  Stalker  
  78  7:16  Probe  
  78  7:19  Extended Thermal Lance  
  78  7:20  Probe  
  80  7:28  Probe  
  81  7:32  Probe  
  82  7:40  Probe  
  82  7:43  Protoss Ground Weapons Level 1, Protoss Ground Armor Level 1  
  83  7:50  Probe  
  84  7:51  Colossus  
  84  7:52  Probe  
  83  8:02  Probe  
  83  8:05  Probe  
  91  8:09  Photon Cannon  
  91  8:11  Photon Cannon  
  91  8:14  Probe  
  91  8:16  Gateway  
  91  8:18  Gateway  
  92  8:20  Probe  
  92  8:21  Photon Cannon  
  92  8:26  Probe  
  94  8:27  Pylon  
  94  8:32  Probe  
  96  8:37  Zealot, Twilight Council  
  97  8:43  Zealot x2  
  101  8:52  Shield Battery  
  101  8:53  Immortal  
  101  8:54  Probe x2  
  103  9:05  Zealot x2  
  110  9:13  Templar Archives  
  110  9:17  Probe x2  
  110  9:18  Probe, Shield Battery  
  110  9:20  Zealot  
  110  9:21  Zealot  
  110  9:23  Protoss Ground Armor Level 2  
  117  9:29  Probe  
  117  9:30  Probe  
  119  9:33  Protoss Ground Weapons Level 2  
  119  9:36  Probe  
  120  9:41  Probe  
  120  9:42  Probe  
  120  9:45  Zealot  
  124  9:50  Photon Cannon  
  124  9:52  Photon Cannon  
  124  9:55  Photon Cannon  
  124  9:57  Psionic Storm  
  124  10:09  Pylon  
  124  10:11  Pylon  
  124  10:12  Gateway, Charge  
  124  10:13  Assimilator  
  124  10:14  Gateway  
  124  10:15  Assimilator  
  124  10:19  Pylon  
  124  10:21  Pylon  
  124  10:24  Pylon  
  124  10:28  Immortal, High Templar x2  
  124  10:29  Zealot, High Templar x2  
  138  10:44  Archon x2  
  138  10:59  Shield Battery  
  138  11:00  Shield Battery  
  138  11:01  High Templar x2  
  138  11:02  High Templar x2  
  138  11:03  Zealot  
  148  11:05  Archon  
  136  11:12  Archon  
  111  11:24  Zealot  
  87  11:34  Zealot x3  
  83  11:47  Stalker x3  
Tags
 
Add a new tag
Caveats
  • Supply blocks, unpowered buildings, or Contaminate may cause inaccurate times.
  • Supply counts are checked every 10 seconds.